Islanders vs Canucks

Created - May 14, 2023 at 20:58

Goals
1 2 3 OT1 SO T
Islanders 2 1 0 0 2 4
Canucks 1 1 1 0 0 3
Shots
1 2 3 OT1 SO T
Islanders 16 11 2 3 3 32
Canucks 13 6 7 1 2 27

1st period

1. Islanders , Vladimir Tarasenko 38 (Ryan Ellis 66, Frans Nielsen 45) at 6:28 (PP)
2. Canucks , Alexander Kerfoot 17 (J.T. Miller 49, Tyler Myers 28) at 8:30
3. Islanders , Frans Nielsen 34 (Vladimir Tarasenko 45) at 14:52 (PP)

Penalties :
Oliver Ekman-Larsson (Van) for Hooking (Minor) at 6:21, Josh Bailey (Van) for Hooking (Minor) at 14:42

2nd period

4. Canucks , J.T. Miller 28 (Gilbert Brule 26) at 12:58 (SH)
5. Islanders , Sergei Plotnikov 12 (Melker Karlsson 22) at 14:56

Penalties :
Alexander Kerfoot (Van) for Roughing (Minor) at 9:07, Ryan Ellis (NyI) for Hooking (Minor) at 9:47, Connor Murphy (Van) for Roughing (Minor) at 12:36, Frans Nielsen (NyI) for Interference (Minor) at 19:50

3rd period

6. Canucks , Maxim Talbot 8 (Vince Hinostroza 5, Ryan Lomberg 4) at 2:17

Penalties :
Frans Nielsen (NyI) for Slashing (Double Minor) at 2:34, Tyler Myers (Van) for Holding (Minor) at 10:06, Yann Sauvé (NyI) for Goalie Interference (Minor) at 15:15, J.T. Miller (Van) for Holding (Minor) at 15:25

Overtime #1

No Goal

Penalties :
No Penalty

Shootout

Islanders, Vladimir Tarasenko - Goal!
Canucks, J.T. Miller - Shot Misses the Net
Islanders, Rick Nash - Stopped by Jonathan Bernier
Canucks, Alexander Kerfoot - Stopped by Cam Ward
Islanders, Kellan Lain - Goal!

Penalties :
No Penalty

Goalie Stats

Cam Ward (NyI), 24 saves from 27 shots - (0.889), W, 18-15-3, 65:00 minutes
Jonathan Bernier (Van), 29 saves from 32 shots - (0.906), OTL, 30-21-3, 65:00 minutes

Players Stats for Islanders

Player Name              G  A  P  +/- PIM S  H  SB GA TA FO     MP     PP MP  PK MP  
------------------------------------------------------------------------------------
Andrew Shaw              0  0  0   0  0   0  1  0  0  0  0/0     7:17   0:04   0:00 
Brock McGinn             0  0  0  -1  0   3  0  0  1  1  0/0    15:20   1:46   1:51 
Craig Smith              0  0  0   0  0   1  0  0  0  0  0/1    10:20   0:00   0:00 
Dylan McIlrath           0  0  0   0  0   1  0  2  0  0  0/0    13:39   0:10   0:46 
Emerson Etem             0  0  0   0  0   2  1  0  0  1  0/0     6:45   0:00   0:12 
Frans Nielsen            1  1  2  -2  6   5  1  0  1  1  13/29  21:12   3:05   0:02 
Justin Falk              0  0  0   0  0   0  0  0  0  1  0/0    14:35   0:00   0:34 
Kellan Lain              0  0  0  -1  0   0  1  1  0  0  1/2    22:20   3:05   1:49 
Melker Karlsson          0  1  1  -1  0   0  1  2  0  0  5/7    14:42   0:14   1:05 
Michael Latta            0  0  0   0  0   1  3  2  0  0  0/2     9:36   0:14   0:04 
Nikita Zadorov           0  0  0   0  0   2  1  0  1  0  0/0    20:22   1:21   2:53 
Pierre-Edouard Bellemare 0  0  0   0  0   2  2  0  2  0  2/8    12:41   1:46   0:00 
Rick Nash                0  0  0   0  0   2  1  1  1  1  0/0    19:57   1:46   3:03 
Ryan Ellis               0  1  1  -2  2   3  0  4  0  0  0/0    30:10   3:33   3:09 
Sergei Plotnikov         1  0  1   0  0   1  0  1  0  0  0/0    12:45   0:00   2:14 
Vladimir Tarasenko       1  1  2  -1  0   8  2  2  1  2  6/16   26:01   3:05   3:16 
Wes O'Neill              0  0  0   0  0   0  2  1  0  0  0/0    21:40   1:31   2:53 
Yann Sauvé               0  0  0  -2  2   1  1  2  0  0  0/0    30:38   3:44   3:21 

Players Stats for Canucks

Player Name              G  A  P  +/- PIM S  H  SB GA TA FO     MP     PP MP  PK MP  
------------------------------------------------------------------------------------
Alexander Kerfoot        1  0  1   1  2   1  0  0  1  0  22/35  23:57   3:24   0:46 
Connor Murphy            0  0  0   1  2   1  2  1  0  0  0/0    13:36   1:05   1:25 
Denis Gurianov           0  0  0   1  0   4  0  0  0  2  3/5    19:33   3:17   0:00 
Gilbert Brule            0  1  1   1  0   0  0  0  0  0  8/14   19:28   2:35   3:11 
Hampus Lindholm          0  0  0   2  0   2  1  2  3  0  0/0    30:11   3:57   2:50 
J.T. Miller              1  1  2   2  2   6  3  1  0  2  2/3    27:18   3:18   3:24 
Jeremy Morin             0  0  0   0  0   3  2  1  0  0  1/1    18:53   2:44   1:19 
Josh Bailey              0  0  0   0  2   0  0  0  1  0  0/0    12:11   0:55   0:04 
Loui Eriksson            0  0  0   0  0   0  2  2  0  0  1/1    13:26   0:48   0:50 
Maxim Talbot             1  0  1   0  0   4  0  1  0  0  0/2    10:02   0:21   0:36 
Nick Spaling             0  0  0   0  0   0  0  0  0  0  1/3     8:11   0:00   0:00 
Nikita Zaitsev           0  0  0   1  0   1  1  1  0  0  0/0    17:23   0:13   2:22 
Oliver Ekman-Larsson     0  0  0   2  2   2  2  2  0  1  0/0    30:41   3:57   2:43 
Ryan Lomberg             0  1  1   0  0   0  1  0  0  0  0/0     6:30   0:12   0:00 
Sam Gagner               0  0  0   0  0   3  4  0  1  1  0/1    14:58   2:29   0:00 
Tony DeAngelo            0  0  0  -1  0   0  0  0  0  0  0/0    17:02   2:07   0:00 
Tyler Myers              0  1  1  -1  2   0  4  2  1  1  0/0    21:43   2:17   0:50 
Vince Hinostroza         0  1  1   0  0   0  0  0  0  0  0/0     6:38   0:20   0:00 

3 Stars

1 - J.T. Miller (Van)
2 - Vladimir Tarasenko (NyI)
3 - Sergei Plotnikov (NyI)

Power Play

Islanders - 2 on 6 Attempt(s) - 33.33%
Canucks - 0 on 5 Attempt(s) - 0.00%

Penalty Kill

Islanders - 5 on 5 Attempt(s) - 100.00% - Score 0 goal in Penalty Kill
Canucks - 4 on 6 Attempt(s) - 66.67% - Score 1 goal in Penalty Kill

Team Stat

Islanders - Hits : 17 - Faceoff Wins : 27 - Blocked Shots : 18 - Penalty Minutes : 10
Canucks - Hits : 22 - Faceoff Wins : 38 - Blocked Shots : 13 - Penalty Minutes : 12

Official

Referees : Wes McCauley and Kendrick Nicholson
Linesman : Kory Nagy and Ryan Galloway

Game Notes

No Game Note

Finance

Level 1 -- Attendance: 6000 (100.00%) -- Ticket Income $600,000
Level 2 -- Attendance: 5000 (100.00%) -- Ticket Income $300,000
Level 3 -- Attendance: 2000 (100.00%) -- Ticket Income $70,000
Level 4 -- Attendance: 3568 (89.20%) -- Ticket Income $89,200
Luxury Box -- Attendance: 1000 (100.00%) -- Ticket Income $200,000
Game was played at the Rodgers Arena.
Total Attendance: 17568 (97.60%)
Total Ticket Income: $1,259,200
Other Income: $188,880
Total Income: $1,448,080

Islanders

5 vs 5 Forward 
   Center                   Left Wing                Right Wing               Time % Phy DF OF 
 1 Frans Nielsen            Kellan Lain              Vladimir Tarasenko       40     1   2  2  
 2 Pierre-Edouard Bellemare Brock McGinn             Rick Nash                30     1   2  2  
 3 Melker Karlsson          Sergei Plotnikov         Craig Smith              20     1   2  2  
 4 Michael Latta            Emerson Etem             Andrew Shaw              10     1   2  2  

5 vs 5 Defense 
   Defense                  Defense                                           Time % Phy DF OF 
 1 Ryan Ellis               Yann Sauvé                                        40     1   2  2  
 2 Wes O'Neill              Nikita Zadorov                                    30     1   2  2  
 3 Justin Falk              Dylan McIlrath                                    20     1   2  2  
 4 Ryan Ellis               Yann Sauvé                                        10     1   2  2  

PowerPlay Forward 
   Center                   Left Wing                Right Wing               Time % Phy DF OF 
 1 Frans Nielsen            Kellan Lain              Vladimir Tarasenko       60     1   2  2  
 2 Pierre-Edouard Bellemare Brock McGinn             Rick Nash                40     1   2  2  

PowerPlay Defense
   Defense                  Defense                                           Time % Phy DF OF 
 1 Ryan Ellis               Yann Sauvé                                        60     1   2  2  
 2 Wes O'Neill              Nikita Zadorov                                    40     1   2  2  

Penalty Kill 4 Players Forward 
   Center                   Wing                     Time % Phy DF OF 
 1 Vladimir Tarasenko       Rick Nash                60     1   2  2  
 2 Kellan Lain              Frans Nielsen            40     1   2  2  

Penalty Kill 4 Players Defense
   Defense                  Defense                  Time % Phy DF OF 
 1 Ryan Ellis               Yann Sauvé               60     1   2  2  
 2 Wes O'Neill              Nikita Zadorov           40     1   2  2  

Penalty Kill - 3 Players Forward 
   Forward                                           Time % Phy DF OF 
 1 Vladimir Tarasenko                                60     1   2  2  
 2 Rick Nash                                         40     1   2  2  

Penalty Kill - 3 Players Defense
   Defense                  Defense                  Time % Phy DF OF 
 1 Ryan Ellis               Yann Sauvé               60     1   2  2  
 2 Wes O'Neill              Nikita Zadorov           40     1   2  2  

4 vs 4 Forward 
   Center                   Wing                     Time % Phy DF OF 
 1 Vladimir Tarasenko       Rick Nash                60     1   2  2  
 2 Kellan Lain              Frans Nielsen            40     1   2  2  

4 vs 4 Defense
   Defense                  Defense                  Time % Phy DF OF 
 1 Ryan Ellis               Yann Sauvé               60     1   2  2  
 2 Wes O'Neill              Nikita Zadorov           40     1   2  2  

Last Minutes Offensive
   Center                   Left Wing                Right Wing               Defense                  Defense                  
   Frans Nielsen            Kellan Lain              Vladimir Tarasenko       Ryan Ellis               Yann Sauvé               

Last Minutes Defensive
   Center                   Left Wing                Right Wing               Defense                  Defense                  
   Frans Nielsen            Kellan Lain              Vladimir Tarasenko       Ryan Ellis               Yann Sauvé               

Goaltenders
Starting : Cam Ward                 
Backup : Marc-André Fleury        

Extra Forwards
Normal : Melker Karlsson, Michael Latta, Sergei Plotnikov - PP : Melker Karlsson, Michael Latta - PK : Sergei Plotnikov
Extra Defensemen
Normal : Justin Falk, Dylan McIlrath, Wes O'Neill - PP : Justin Falk - PK : Dylan McIlrath, Wes O'Neill
Penalty Shots
Vladimir Tarasenko, Rick Nash, Kellan Lain, Frans Nielsen, Pierre-Edouard Bellemare

Scratches
Brayden McNabb (Healthy), Carl Klingberg (Healthy), Christian Fischer (Healthy)

Canucks

5 vs 5 Forward 
   Center                   Left Wing                Right Wing               Time % Phy DF OF 
 1 Alexander Kerfoot        J.T. Miller              Denis Gurianov           56     1   2  2  
 2 Gilbert Brule            Jeremy Morin             Sam Gagner               30     1   2  2  
 3 Nick Spaling             Loui Eriksson            Josh Bailey              10     1   2  2  
 4 Maxim Talbot             Ryan Lomberg             Vince Hinostroza         4      1   2  2  

5 vs 5 Defense 
   Defense                  Defense                                           Time % Phy DF OF 
 1 Oliver Ekman-Larsson     Hampus Lindholm                                   56     1   2  2  
 2 Tyler Myers              Tony DeAngelo                                     30     1   2  2  
 3 Connor Murphy            Nikita Zaitsev                                    10     1   2  2  
 4 Oliver Ekman-Larsson     Tony DeAngelo                                     4      1   2  2  

PowerPlay Forward 
   Center                   Left Wing                Right Wing               Time % Phy DF OF 
 1 Alexander Kerfoot        J.T. Miller              Denis Gurianov           70     0   0  5  
 2 Gilbert Brule            Jeremy Morin             Sam Gagner               30     0   0  5  

PowerPlay Defense
   Defense                  Defense                                           Time % Phy DF OF 
 1 Oliver Ekman-Larsson     Hampus Lindholm                                   70     0   0  5  
 2 Tyler Myers              Tony DeAngelo                                     30     0   0  5  

Penalty Kill 4 Players Forward 
   Center                   Wing                     Time % Phy DF OF 
 1 Gilbert Brule            J.T. Miller              60     1   2  2  
 2 Alexander Kerfoot        Jeremy Morin             40     1   2  2  

Penalty Kill 4 Players Defense
   Defense                  Defense                  Time % Phy DF OF 
 1 Oliver Ekman-Larsson     Hampus Lindholm          60     1   2  2  
 2 Tyler Myers              Nikita Zaitsev           40     1   2  2  

Penalty Kill - 3 Players Forward 
   Forward                                           Time % Phy DF OF 
 1 J.T. Miller                                       60     1   2  2  
 2 Gilbert Brule                                     40     1   2  2  

Penalty Kill - 3 Players Defense
   Defense                  Defense                  Time % Phy DF OF 
 1 Oliver Ekman-Larsson     Hampus Lindholm          60     1   2  2  
 2 Tyler Myers              Nikita Zaitsev           40     1   2  2  

4 vs 4 Forward 
   Center                   Wing                     Time % Phy DF OF 
 1 Alexander Kerfoot        J.T. Miller              65     1   0  4  
 2 Gilbert Brule            Sam Gagner               35     1   2  2  

4 vs 4 Defense
   Defense                  Defense                  Time % Phy DF OF 
 1 Oliver Ekman-Larsson     Hampus Lindholm          65     1   2  2  
 2 Tyler Myers              Nikita Zaitsev           35     1   2  2  

Last Minutes Offensive
   Center                   Left Wing                Right Wing               Defense                  Defense                  
   Alexander Kerfoot        J.T. Miller              Denis Gurianov           Tony DeAngelo            Hampus Lindholm          

Last Minutes Defensive
   Center                   Left Wing                Right Wing               Defense                  Defense                  
   Alexander Kerfoot        J.T. Miller              Denis Gurianov           Oliver Ekman-Larsson     Hampus Lindholm          

Goaltenders
Starting : Jonathan Bernier         
Backup : Matt Hackett             

Extra Forwards
Normal : Loui Eriksson, Josh Bailey, Maxim Talbot - PP : Loui Eriksson, Josh Bailey - PK : Loui Eriksson
Extra Defensemen
Normal : Nikita Zaitsev, Connor Murphy, Tony DeAngelo - PP : Tony DeAngelo - PK : Nikita Zaitsev, Connor Murphy
Penalty Shots
J.T. Miller, Alexander Kerfoot, Sam Gagner, Denis Gurianov, Ryan Lomberg

Scratches
Luca Sbisa (Healthy)

% Time on Ice - Islanders

Lines # - Real PCT - Wanted PCT - Time Play
Normal Forward
1 - 40% - 40% - 17:56
2 - 24% - 30% - 10:46
3 - 22% - 20% - 9:51
4 - 14% - 10% - 6:26
Normal Defense
1 - 41% - 40% - 18:18
2 - 31% - 30% - 13:50
3 - 23% - 20% - 10:20
4 - 6% - 10% - 2:31
PP Forward
1 - 65% - 60% - 3:19
2 - 35% - 40% - 1:46
PP Defense
1 - 73% - 60% - 3:44
2 - 27% - 40% - 1:21
PK Forward
1 - 73% - 60% - 4:59
2 - 27% - 40% - 1:49
PK Defense
1 - 58% - 60% - 3:55
2 - 42% - 40% - 2:53
PK3 Forward
1 - 0% - 60%
2 - 0% - 40%
PK3 Defense
1 - 0% - 60%
2 - 0% - 40%
44 Forward
1 - 72% - 60% - 5:51
2 - 28% - 40% - 2:17
44 Defense
1 - 64% - 60% - 5:11
2 - 36% - 40% - 2:57
Last Minute Offensive  - 0:00
Last Minute Defensive  - 0:00
Total
Forward - 65:00
Defense - 65:00

% Time on Ice - Canucks

Lines # - Real PCT - Wanted PCT - Time Play
Normal Forward
1 - 42% - 56% - 18:46
2 - 26% - 30% - 11:44
3 - 18% - 10% - 8:11
4 - 14% - 4% - 6:18
Normal Defense
1 - 41% - 56% - 18:26
2 - 35% - 30% - 15:50
3 - 22% - 10% - 10:03
4 - 1% - 4% - 0:40
PP Forward
1 - 67% - 70% - 4:32
2 - 33% - 30% - 2:16
PP Defense
1 - 70% - 70% - 4:46
2 - 30% - 30% - 2:02
PK Forward
1 - 85% - 60% - 4:19
2 - 15% - 40% - 0:46
PK Defense
1 - 56% - 60% - 2:50
2 - 44% - 40% - 2:15
PK3 Forward
1 - 0% - 60%
2 - 0% - 40%
PK3 Defense
1 - 0% - 60%
2 - 0% - 40%
44 Forward
1 - 95% - 65% - 7:45
2 - 5% - 35% - 0:23
44 Defense
1 - 66% - 65% - 5:21
2 - 34% - 35% - 2:47
Last Minute Offensive  - 0:00
Last Minute Defensive  - 0:00
Total
Forward - 65:00
Defense - 65:00

Play-by-Play

1st period


0:01 of 1st period - Alexander Kerfoot wins face-off versus Kellan Lain in neutral zone.
0:04 of 1st period - Slapshot by Oliver Ekman-Larsson.
0:04 of 1st period - Shot Blocked by Ryan Ellis.
1:15 of 1st period - Michael Latta is hit by Ryan Lomberg and loses puck.
1:22 of 1st period - Snap shot by Maxim Talbot.
1:22 of 1st period - Stopped by Cam Ward with a rebound.
2:03 of 1st period - Snap shot by Brock McGinn.
2:03 of 1st period - Deflect By Pierre-Edouard Bellemare.
2:03 of 1st period - Shot Blocked by Connor Murphy.
2:03 of 1st period - Puck is out of play.
2:04 of 1st period - Melker Karlsson wins face-off versus Alexander Kerfoot in Canucks zone.
2:39 of 1st period - Wrist shot by Vladimir Tarasenko.
2:39 of 1st period - Shot Misses the Net.
2:41 of 1st period - Wrist shot by Nikita Zadorov.
2:41 of 1st period - Stopped by Jonathan Bernier with a rebound.
3:11 of 1st period - Wrist shot by J.T. Miller.
3:11 of 1st period - Shot Blocked by Michael Latta.
3:44 of 1st period - Slapshot by Vince Hinostroza.
3:44 of 1st period - Shot Blocked by Dylan McIlrath.
3:54 of 1st period - Snap shot by Vladimir Tarasenko.
3:54 of 1st period - Stopped by Jonathan Bernier with a rebound.
3:56 of 1st period - Wrist shot by Justin Falk.
3:56 of 1st period - Shot Blocked by Hampus Lindholm.
3:58 of 1st period - Backhand shot by Justin Falk.
3:58 of 1st period - Deflect By Vladimir Tarasenko.
3:58 of 1st period - Shot Misses the Net.
3:58 of 1st period - Puck is out of play.
3:59 of 1st period - Alexander Kerfoot wins face-off versus Frans Nielsen in Canucks zone.
4:25 of 1st period - Oliver Ekman-Larsson is hit by Wes O'Neill and loses puck.
5:15 of 1st period - Michael Latta is hit by Tyler Myers and loses puck.
5:56 of 1st period - Slapshot by Hampus Lindholm.
5:56 of 1st period - Shot Misses the Net.
5:58 of 1st period - Slapshot by Hampus Lindholm.
5:58 of 1st period - Shot Misses the Net.
6:00 of 1st period - Snap shot by Hampus Lindholm.
6:00 of 1st period - Stopped by Cam Ward without a rebound.
6:01 of 1st period - Alexander Kerfoot wins face-off versus Frans Nielsen in Islanders zone.
6:02 of 1st period - Snap shot by J.T. Miller.
6:02 of 1st period - Stopped by Cam Ward without a rebound.
6:03 of 1st period - Alexander Kerfoot wins face-off versus Frans Nielsen in Islanders zone.
6:04 of 1st period - Slapshot by J.T. Miller.
6:04 of 1st period - Shot Misses the Net.
6:18 of 1st period - Wrist shot by Frans Nielsen.
6:18 of 1st period - Stopped by Jonathan Bernier without a rebound.
6:19 of 1st period - Denis Gurianov wins face-off versus Pierre-Edouard Bellemare in Canucks zone.
6:21 of 1st period - Minor Penalty to Oliver Ekman-Larsson for Hooking.
6:22 of 1st period - Frans Nielsen wins face-off versus Gilbert Brule in Canucks zone.
6:28 of 1st period - Snap shot by Vladimir Tarasenko.
6:28 of 1st period - Goal by Vladimir Tarasenko - Islanders : 1 - Canucks : 0.
6:29 of 1st period - Alexander Kerfoot wins face-off versus Pierre-Edouard Bellemare in neutral zone.
6:56 of 1st period - Vladimir Tarasenko is hit by Sam Gagner and loses puck.
7:03 of 1st period - Slapshot by Ryan Ellis.
7:03 of 1st period - Stopped by Jonathan Bernier without a rebound.
7:04 of 1st period - Frans Nielsen wins face-off versus Gilbert Brule in Canucks zone.
7:30 of 1st period - Slapshot by Rick Nash.
7:30 of 1st period - Stopped by Jonathan Bernier with a rebound.
7:32 of 1st period - Snap shot by Brock McGinn.
7:32 of 1st period - Stopped by Jonathan Bernier without a rebound.
7:33 of 1st period - Pierre-Edouard Bellemare wins face-off versus Alexander Kerfoot in Canucks zone.
7:52 of 1st period - Slapshot by Rick Nash.
7:52 of 1st period - Stopped by Jonathan Bernier with a rebound.
7:54 of 1st period - Snap shot by Pierre-Edouard Bellemare.
7:54 of 1st period - Shot Blocked by Oliver Ekman-Larsson.
7:56 of 1st period - Wrist shot by Brock McGinn.
7:56 of 1st period - Stopped by Jonathan Bernier without a rebound.
7:57 of 1st period - Gilbert Brule wins face-off versus Frans Nielsen in Canucks zone.
8:26 of 1st period - Snap shot by Alexander Kerfoot.
8:26 of 1st period - Shot Misses the Net.
8:30 of 1st period - Slapshot by Alexander Kerfoot.
8:30 of 1st period - Goal by Alexander Kerfoot - Islanders : 1 - Canucks : 1.
8:31 of 1st period - Alexander Kerfoot wins face-off versus Craig Smith in neutral zone.
8:42 of 1st period - Snap shot by J.T. Miller.
8:42 of 1st period - Stopped by Cam Ward with a rebound.
10:10 of 1st period - Snap shot by Denis Gurianov.
10:10 of 1st period - Shot Misses the Net.
10:30 of 1st period - Snap shot by Sam Gagner.
10:30 of 1st period - Stopped by Cam Ward with a rebound.
10:46 of 1st period - Snap shot by Emerson Etem.
10:46 of 1st period - Stopped by Jonathan Bernier with a rebound.
11:34 of 1st period - Wrist shot by Vladimir Tarasenko.
11:34 of 1st period - Deflect By Frans Nielsen.
11:34 of 1st period - Stopped by Jonathan Bernier with a rebound.
11:36 of 1st period - Snap shot by Kellan Lain.
11:36 of 1st period - Shot Misses the Net.
11:38 of 1st period - Wrist shot by Frans Nielsen.
11:38 of 1st period - Shot Misses the Net.
12:40 of 1st period - Snap shot by Maxim Talbot.
12:40 of 1st period - Stopped by Cam Ward with a rebound.
13:14 of 1st period - Sam Gagner is hit by Emerson Etem.
13:36 of 1st period - Snap shot by Melker Karlsson.
13:36 of 1st period - Shot Misses the Net.
13:38 of 1st period - Slapshot by Ryan Ellis.
13:38 of 1st period - Shot Misses the Net.
13:42 of 1st period - Wrist shot by Craig Smith.
13:42 of 1st period - Shot Blocked by Oliver Ekman-Larsson.
13:48 of 1st period - Wrist shot by Jeremy Morin.
13:48 of 1st period - Shot Blocked by Melker Karlsson.
13:50 of 1st period - Slapshot by Hampus Lindholm.
13:50 of 1st period - Shot Blocked by Melker Karlsson.
13:52 of 1st period - Snap shot by Jeremy Morin.
13:52 of 1st period - Stopped by Cam Ward without a rebound.
13:53 of 1st period - Denis Gurianov wins face-off versus Frans Nielsen in Islanders zone.
14:02 of 1st period - Tony DeAngelo is hit by Yann Sauvé and loses puck.
14:11 of 1st period - Yann Sauvé is hit by Tyler Myers and loses puck.
14:22 of 1st period - Slapshot by Ryan Ellis.
14:22 of 1st period - Shot Blocked by Loui Eriksson.
14:28 of 1st period - Pierre-Edouard Bellemare is hit by Loui Eriksson.
14:42 of 1st period - Minor Penalty to Josh Bailey for Hooking.
14:43 of 1st period - Frans Nielsen wins face-off versus Gilbert Brule in Canucks zone.
14:50 of 1st period - Slapshot by Frans Nielsen.
14:50 of 1st period - Shot Misses the Net.
14:52 of 1st period - Backhand shot by Frans Nielsen.
14:52 of 1st period - Goal by Frans Nielsen - Islanders : 2 - Canucks : 1.
14:53 of 1st period - Alexander Kerfoot wins face-off versus Frans Nielsen in neutral zone.
14:56 of 1st period - Slapshot by Oliver Ekman-Larsson.
14:56 of 1st period - Stopped by Cam Ward with a rebound.
14:58 of 1st period - Slapshot by Hampus Lindholm.
14:58 of 1st period - Shot Blocked by Kellan Lain.
15:00 of 1st period - Slapshot by J.T. Miller.
15:00 of 1st period - Stopped by Cam Ward with a rebound.
15:02 of 1st period - Snap shot by Denis Gurianov.
15:02 of 1st period - Stopped by Cam Ward with a rebound.
15:04 of 1st period - Wrist shot by Denis Gurianov.
15:04 of 1st period - Stopped by Cam Ward without a rebound.
15:05 of 1st period - Alexander Kerfoot wins face-off versus Frans Nielsen in Islanders zone.
15:08 of 1st period - Snap shot by Alexander Kerfoot.
15:08 of 1st period - Shot Misses the Net.
15:20 of 1st period - Wrist shot by Vladimir Tarasenko.
15:20 of 1st period - Stopped by Jonathan Bernier without a rebound.
15:21 of 1st period - Alexander Kerfoot wins face-off versus Pierre-Edouard Bellemare in Canucks zone.
15:25 of 1st period - Off-side.
15:26 of 1st period - Alexander Kerfoot wins face-off versus Pierre-Edouard Bellemare in neutral zone.
15:41 of 1st period - Wrist shot by Brock McGinn.
15:41 of 1st period - Deflect By Pierre-Edouard Bellemare.
15:41 of 1st period - Stopped by Jonathan Bernier without a rebound.
15:42 of 1st period - Alexander Kerfoot wins face-off versus Frans Nielsen in Canucks zone.
17:51 of 1st period - Slapshot by Brock McGinn.
17:51 of 1st period - Stopped by Jonathan Bernier with a rebound.
17:53 of 1st period - Slapshot by Dylan McIlrath.
17:53 of 1st period - Deflect By Gilbert Brule.
17:53 of 1st period - Stopped by Jonathan Bernier without a rebound.
17:54 of 1st period - Frans Nielsen wins face-off versus Nick Spaling in Canucks zone.
18:19 of 1st period - Ryan Ellis is hit by Connor Murphy and loses puck.
18:42 of 1st period - Icing by Denis Gurianov.
18:43 of 1st period - Gilbert Brule wins face-off versus Melker Karlsson in Canucks zone.
18:48 of 1st period - Slapshot by Sam Gagner.
18:48 of 1st period - Stopped by Cam Ward without a rebound.
18:49 of 1st period - Gilbert Brule wins face-off versus Vladimir Tarasenko in Islanders zone.
19:29 of 1st period - Off-side.
19:30 of 1st period - Melker Karlsson wins face-off versus Denis Gurianov in neutral zone.
19:57 of 1st period - Frans Nielsen is hit by Jeremy Morin and loses puck.
Goals for this period are 2 for Islanders vs 1 for Canucks.
Shots for this period are 16 for Islanders vs 13 for Canucks.

2nd period


0:01 of 2nd period - Frans Nielsen wins face-off versus Alexander Kerfoot in neutral zone.
1:16 of 2nd period - Off-side.
1:17 of 2nd period - Alexander Kerfoot wins face-off versus Melker Karlsson in neutral zone.
1:22 of 2nd period - Snap shot by J.T. Miller.
1:22 of 2nd period - Shot Misses the Net.
1:56 of 2nd period - Slapshot by Ryan Ellis.
1:56 of 2nd period - Stopped by Jonathan Bernier with a rebound.
1:58 of 2nd period - Wrist shot by Craig Smith.
1:58 of 2nd period - Deflect By Melker Karlsson.
1:58 of 2nd period - Shot Misses the Net.
1:58 of 2nd period - Puck is out of play.
1:59 of 2nd period - Frans Nielsen wins face-off versus Alexander Kerfoot in Canucks zone.
2:00 of 2nd period - Wrist shot by Vladimir Tarasenko.
2:00 of 2nd period - Stopped by Jonathan Bernier with a rebound.
2:04 of 2nd period - Wrist shot by Vladimir Tarasenko.
2:04 of 2nd period - Stopped by Jonathan Bernier with a rebound.
2:06 of 2nd period - Snap shot by Nikita Zadorov.
2:06 of 2nd period - Stopped by Jonathan Bernier without a rebound.
2:07 of 2nd period - Alexander Kerfoot wins face-off versus Frans Nielsen in Canucks zone.
2:44 of 2nd period - Vladimir Tarasenko is hit by Connor Murphy.
3:23 of 2nd period - Snap shot by Vladimir Tarasenko.
3:23 of 2nd period - Stopped by Jonathan Bernier without a rebound.
3:24 of 2nd period - Gilbert Brule wins face-off versus Pierre-Edouard Bellemare in Canucks zone.
3:39 of 2nd period - Wrist shot by Jeremy Morin.
3:39 of 2nd period - Shot Misses the Net.
3:41 of 2nd period - Slapshot by Jeremy Morin.
3:41 of 2nd period - Shot Misses the Net.
3:51 of 2nd period - Rick Nash is hit by Oliver Ekman-Larsson and loses puck.
4:35 of 2nd period - Icing by Loui Eriksson.
4:36 of 2nd period - Nick Spaling wins face-off versus Michael Latta in Canucks zone.
4:48 of 2nd period - Slapshot by Wes O'Neill.
4:48 of 2nd period - Shot Blocked by Jeremy Morin.
5:04 of 2nd period - Slapshot by Tony DeAngelo.
5:04 of 2nd period - Shot Blocked by Wes O'Neill.
5:45 of 2nd period - Icing by Frans Nielsen.
5:46 of 2nd period - Frans Nielsen wins face-off versus Alexander Kerfoot in Islanders zone.
5:51 of 2nd period - Wrist shot by Vladimir Tarasenko.
5:51 of 2nd period - Shot Blocked by J.T. Miller.
5:57 of 2nd period - Vladimir Tarasenko is hit by J.T. Miller and loses puck.
6:18 of 2nd period - Wrist shot by J.T. Miller.
6:18 of 2nd period - Shot Blocked by Vladimir Tarasenko.
6:36 of 2nd period - Slapshot by Vladimir Tarasenko.
6:36 of 2nd period - Shot Misses the Net.
6:38 of 2nd period - Wrist shot by Vladimir Tarasenko.
6:38 of 2nd period - Stopped by Jonathan Bernier without a rebound.
6:39 of 2nd period - Jeremy Morin wins face-off versus Pierre-Edouard Bellemare in Canucks zone.
6:52 of 2nd period - Slapshot by Ryan Ellis.
6:52 of 2nd period - Stopped by Jonathan Bernier with a rebound.
6:54 of 2nd period - Snap shot by Pierre-Edouard Bellemare.
6:54 of 2nd period - Stopped by Jonathan Bernier with a rebound.
6:56 of 2nd period - Slapshot by Yann Sauvé.
6:56 of 2nd period - Deflect By Pierre-Edouard Bellemare.
6:56 of 2nd period - Shot Misses the Net.
6:56 of 2nd period - Puck is out of play.
6:57 of 2nd period - Melker Karlsson wins face-off versus Nick Spaling in Canucks zone.
8:35 of 2nd period - Snap shot by Sergei Plotnikov.
8:35 of 2nd period - Deflect By Craig Smith.
8:35 of 2nd period - Shot Blocked by Hampus Lindholm.
8:35 of 2nd period - Puck is out of play.
8:36 of 2nd period - Alexander Kerfoot wins face-off versus Frans Nielsen in Canucks zone.
8:45 of 2nd period - Wrist shot by J.T. Miller.
8:45 of 2nd period - Shot Misses the Net.
8:47 of 2nd period - Wrist shot by Denis Gurianov.
8:47 of 2nd period - Stopped by Cam Ward without a rebound.
8:48 of 2nd period - Alexander Kerfoot wins face-off versus Frans Nielsen in Islanders zone.
8:59 of 2nd period - Vladimir Tarasenko is hit by J.T. Miller and loses puck.
9:07 of 2nd period - Minor Penalty to Alexander Kerfoot for Roughing.
9:08 of 2nd period - Gilbert Brule wins face-off versus Frans Nielsen in Canucks zone.
9:15 of 2nd period - Off-side.
9:16 of 2nd period - Gilbert Brule wins face-off versus Frans Nielsen in neutral zone.
9:47 of 2nd period - Minor Penalty to Ryan Ellis for Hooking.
9:48 of 2nd period - Loui Eriksson wins face-off versus Vladimir Tarasenko in Islanders zone.
9:51 of 2nd period - Wrist shot by Hampus Lindholm.
9:51 of 2nd period - Shot Blocked by Yann Sauvé.
11:06 of 2nd period - Gilbert Brule is hit by Wes O'Neill and loses puck.
11:07 of 2nd period - Penalty to Alexander Kerfoot is over, Alexander Kerfoot is back on ice.
11:19 of 2nd period - Snap shot by Nikita Zaitsev.
11:19 of 2nd period - Stopped by Cam Ward without a rebound.
11:20 of 2nd period - Alexander Kerfoot wins face-off versus Vladimir Tarasenko in Islanders zone.
11:47 of 2nd period - Penalty to Ryan Ellis is over, Ryan Ellis is back on ice.
11:52 of 2nd period - Icing by Hampus Lindholm.
11:53 of 2nd period - Alexander Kerfoot wins face-off versus Michael Latta in Canucks zone.
11:58 of 2nd period - Slapshot by Oliver Ekman-Larsson.
11:58 of 2nd period - Shot Misses the Net.
12:27 of 2nd period - Off-side.
12:28 of 2nd period - Pierre-Edouard Bellemare wins face-off versus Gilbert Brule in neutral zone.
12:36 of 2nd period - Minor Penalty to Connor Murphy for Roughing.
12:37 of 2nd period - Gilbert Brule wins face-off versus Frans Nielsen in Canucks zone.
12:50 of 2nd period - Snap shot by Gilbert Brule.
12:50 of 2nd period - Deflect By J.T. Miller.
12:50 of 2nd period - Shot Blocked by Vladimir Tarasenko.
12:50 of 2nd period - Puck is out of play.
12:51 of 2nd period - J.T. Miller wins face-off versus Vladimir Tarasenko in Islanders zone.
12:58 of 2nd period - Snap shot by J.T. Miller.
12:58 of 2nd period - Goal by J.T. Miller - Islanders : 2 - Canucks : 2.
12:59 of 2nd period - Kellan Lain wins face-off versus J.T. Miller in neutral zone.
13:26 of 2nd period - J.T. Miller is hit by Pierre-Edouard Bellemare and loses puck.
13:57 of 2nd period - Nikita Zaitsev is hit by Nikita Zadorov and loses puck.
14:34 of 2nd period - Snap shot by Maxim Talbot.
14:34 of 2nd period - Shot Misses the Net.
14:36 of 2nd period - Penalty to Connor Murphy is over, Connor Murphy is back on ice.
14:50 of 2nd period - Wrist shot by Craig Smith.
14:50 of 2nd period - Stopped by Jonathan Bernier without a rebound.
14:51 of 2nd period - Melker Karlsson wins face-off versus Maxim Talbot in Canucks zone.
14:56 of 2nd period - Snap shot by Sergei Plotnikov.
14:56 of 2nd period - Goal by Sergei Plotnikov - Islanders : 3 - Canucks : 2.
14:57 of 2nd period - Frans Nielsen wins face-off versus Alexander Kerfoot in neutral zone.
15:10 of 2nd period - Wrist shot by Vladimir Tarasenko.
15:10 of 2nd period - Shot Misses the Net.
15:24 of 2nd period - Ryan Ellis is hit by Sam Gagner and loses puck.
15:45 of 2nd period - Slapshot by Oliver Ekman-Larsson.
15:45 of 2nd period - Stopped by Cam Ward with a rebound.
16:09 of 2nd period - Slapshot by Hampus Lindholm.
16:09 of 2nd period - Shot Misses the Net.
16:11 of 2nd period - Wrist shot by Ryan Lomberg.
16:11 of 2nd period - Shot Blocked by Michael Latta.
16:13 of 2nd period - Snap shot by Hampus Lindholm.
16:13 of 2nd period - Deflect By Dylan McIlrath.
16:13 of 2nd period - Stopped by Cam Ward with a rebound.
16:15 of 2nd period - Snap shot by Ryan Lomberg.
16:15 of 2nd period - Shot Misses the Net.
17:55 of 2nd period - Frans Nielsen is hit by Nikita Zaitsev and loses puck.
18:16 of 2nd period - Yann Sauvé is hit by Sam Gagner and loses puck.
19:08 of 2nd period - Snap shot by Emerson Etem.
19:08 of 2nd period - Stopped by Jonathan Bernier with a rebound.
19:10 of 2nd period - Wrist shot by Andrew Shaw.
19:10 of 2nd period - Shot Misses the Net.
19:47 of 2nd period - Wrist shot by Connor Murphy.
19:47 of 2nd period - Stopped by Cam Ward without a rebound.
19:48 of 2nd period - Frans Nielsen wins face-off versus Alexander Kerfoot in Islanders zone.
19:50 of 2nd period - Minor Penalty to Frans Nielsen for Interference.
19:51 of 2nd period - Vladimir Tarasenko wins face-off versus Alexander Kerfoot in Islanders zone.
Goals for this period are 1 for Islanders vs 1 for Canucks.
Shots for this period are 11 for Islanders vs 6 for Canucks.

3rd period


0:01 of 3rd period - Alexander Kerfoot wins face-off versus Vladimir Tarasenko in neutral zone.
0:06 of 3rd period - Wrist shot by Alexander Kerfoot.
0:06 of 3rd period - Shot Blocked by Rick Nash.
0:08 of 3rd period - Snap shot by Denis Gurianov.
0:08 of 3rd period - Stopped by Cam Ward with a rebound.
1:50 of 3rd period - Penalty to Frans Nielsen is over, Frans Nielsen is back on ice.
2:15 of 3rd period - Snap shot by Vince Hinostroza.
2:15 of 3rd period - Shot Misses the Net.
2:17 of 3rd period - Snap shot by Maxim Talbot.
2:17 of 3rd period - Goal by Maxim Talbot - Islanders : 3 - Canucks : 3.
2:18 of 3rd period - Vladimir Tarasenko wins face-off versus Gilbert Brule in neutral zone.
2:20 of 3rd period - Off-side.
2:21 of 3rd period - Frans Nielsen wins face-off versus Gilbert Brule in neutral zone.
2:29 of 3rd period - Off-side.
2:30 of 3rd period - Alexander Kerfoot wins face-off versus Frans Nielsen in neutral zone.
2:34 of 3rd period - Double Minor Penalty to Frans Nielsen for Slashing.
2:35 of 3rd period - Vladimir Tarasenko wins face-off versus Alexander Kerfoot in Islanders zone.
2:50 of 3rd period - Slapshot by Hampus Lindholm.
2:50 of 3rd period - Shot Blocked by Ryan Ellis.
2:52 of 3rd period - Wrist shot by Denis Gurianov.
2:52 of 3rd period - Shot Misses the Net.
3:02 of 3rd period - Wrist shot by Sam Gagner.
3:02 of 3rd period - Shot Blocked by Yann Sauvé.
3:04 of 3rd period - Slapshot by Tyler Myers.
3:04 of 3rd period - Shot Blocked by Ryan Ellis.
3:06 of 3rd period - Snap shot by Jeremy Morin.
3:06 of 3rd period - Shot Misses the Net.
3:08 of 3rd period - Wrist shot by Tyler Myers.
3:08 of 3rd period - Shot Misses the Net.
3:10 of 3rd period - Slapshot by Tyler Myers.
3:10 of 3rd period - Shot Hit the Post.
3:12 of 3rd period - Slapshot by Tony DeAngelo.
3:12 of 3rd period - Deflect By Jeremy Morin.
3:12 of 3rd period - Stopped by Cam Ward with a rebound.
4:49 of 3rd period - Yann Sauvé is hit by Loui Eriksson and loses puck.
6:06 of 3rd period - Justin Falk is hit by Tyler Myers.
6:34 of 3rd period - Penalty to Frans Nielsen is over, Frans Nielsen is back on ice.
6:46 of 3rd period - Michael Latta is hit by Oliver Ekman-Larsson.
7:52 of 3rd period - Loui Eriksson is hit by Pierre-Edouard Bellemare and loses puck.
8:05 of 3rd period - Sam Gagner is hit by Melker Karlsson and loses puck.
8:56 of 3rd period - Tyler Myers is hit by Rick Nash and loses puck.
9:11 of 3rd period - Wes O'Neill is hit by Sam Gagner and loses puck.
9:53 of 3rd period - Nikita Zaitsev is hit by Kellan Lain and loses puck.
10:06 of 3rd period - Minor Penalty to Tyler Myers for Holding.
10:07 of 3rd period - Gilbert Brule wins face-off versus Frans Nielsen in Canucks zone.
11:57 of 3rd period - Connor Murphy is hit by Vladimir Tarasenko and loses puck.
12:06 of 3rd period - Penalty to Tyler Myers is over, Tyler Myers is back on ice.
12:08 of 3rd period - Tyler Myers is hit by Michael Latta and loses puck.
12:23 of 3rd period - Icing by J.T. Miller.
12:24 of 3rd period - Melker Karlsson wins face-off versus Maxim Talbot in Canucks zone.
12:25 of 3rd period - Snap shot by Sergei Plotnikov.
12:25 of 3rd period - Shot Blocked by Nikita Zaitsev.
12:33 of 3rd period - Snap shot by Maxim Talbot.
12:33 of 3rd period - Stopped by Cam Ward with a rebound.
12:35 of 3rd period - Snap shot by J.T. Miller.
12:35 of 3rd period - Stopped by Cam Ward with a rebound.
12:37 of 3rd period - Snap shot by Tyler Myers.
12:37 of 3rd period - Deflect By J.T. Miller.
12:37 of 3rd period - Stopped by Cam Ward without a rebound.
12:38 of 3rd period - Frans Nielsen wins face-off versus Sam Gagner in Islanders zone.
12:51 of 3rd period - Snap shot by Sam Gagner.
12:51 of 3rd period - Shot Blocked by Dylan McIlrath.
13:29 of 3rd period - Snap shot by Vince Hinostroza.
13:29 of 3rd period - Shot Misses the Net.
14:12 of 3rd period - Snap shot by Vladimir Tarasenko.
14:12 of 3rd period - Deflect By Kellan Lain.
14:12 of 3rd period - Shot Misses the Net.
14:12 of 3rd period - Puck is out of play.
14:13 of 3rd period - Frans Nielsen wins face-off versus Denis Gurianov in Canucks zone.
15:00 of 3rd period - Wrist shot by Josh Bailey.
15:00 of 3rd period - Shot Blocked by Sergei Plotnikov.
15:09 of 3rd period - Backhand shot by Josh Bailey.
15:09 of 3rd period - Shot Blocked by Ryan Ellis.
15:15 of 3rd period - Minor Penalty to Yann Sauvé for Goalie Interference.
15:16 of 3rd period - Denis Gurianov wins face-off versus Vladimir Tarasenko in Islanders zone.
15:25 of 3rd period - Minor Penalty to J.T. Miller for Holding.
15:26 of 3rd period - Alexander Kerfoot wins face-off versus Vladimir Tarasenko in Canucks zone.
16:10 of 3rd period - Slapshot by Ryan Ellis.
16:10 of 3rd period - Shot Blocked by Maxim Talbot.
16:20 of 3rd period - Ryan Ellis is hit by Jeremy Morin and loses puck.
16:35 of 3rd period - Backhand shot by Ryan Ellis.
16:35 of 3rd period - Shot Misses the Net.
16:37 of 3rd period - Snap shot by Kellan Lain.
16:37 of 3rd period - Deflect By Frans Nielsen.
16:37 of 3rd period - Stopped by Jonathan Bernier with a rebound.
16:39 of 3rd period - Slapshot by Justin Falk.
16:39 of 3rd period - Deflect By Frans Nielsen.
16:39 of 3rd period - Shot Blocked by Loui Eriksson.
16:39 of 3rd period - Puck is out of play.
16:40 of 3rd period - Vladimir Tarasenko wins face-off versus Alexander Kerfoot in Canucks zone.
17:14 of 3rd period - Josh Bailey is hit by Michael Latta and loses puck.
17:15 of 3rd period - Penalty to Yann Sauvé is over, Yann Sauvé is back on ice.
17:25 of 3rd period - Penalty to J.T. Miller is over, J.T. Miller is back on ice.
17:45 of 3rd period - Melker Karlsson is hit by Tyler Myers.
17:59 of 3rd period - Wrist shot by Jeremy Morin.
17:59 of 3rd period - Stopped by Cam Ward with a rebound.
18:31 of 3rd period - Snap shot by Melker Karlsson.
18:31 of 3rd period - Shot Misses the Net.
18:43 of 3rd period - Snap shot by Michael Latta.
18:43 of 3rd period - Stopped by Jonathan Bernier without a rebound.
18:44 of 3rd period - Frans Nielsen wins face-off versus Alexander Kerfoot in Canucks zone.
19:24 of 3rd period - Loui Eriksson is hit by Frans Nielsen.
19:56 of 3rd period - Maxim Talbot is hit by Andrew Shaw and loses puck.
Goals for this period are 0 for Islanders vs 1 for Canucks.
Shots for this period are 2 for Islanders vs 7 for Canucks.

Overtime #1


0:01 of 1st overtime period - Alexander Kerfoot wins face-off versus Vladimir Tarasenko in neutral zone.
0:09 of 1st overtime period - Snap shot by J.T. Miller.
0:09 of 1st overtime period - Shot Misses the Net.
0:11 of 1st overtime period - Wrist shot by Alexander Kerfoot.
0:11 of 1st overtime period - Shot Misses the Net.
0:13 of 1st overtime period - Snap shot by J.T. Miller.
0:13 of 1st overtime period - Shot Misses the Net.
0:30 of 1st overtime period - Icing by Rick Nash.
0:31 of 1st overtime period - Alexander Kerfoot wins face-off versus Vladimir Tarasenko in Islanders zone.
1:00 of 1st overtime period - Wrist shot by Kellan Lain.
1:00 of 1st overtime period - Shot Misses the Net.
1:04 of 1st overtime period - Slapshot by Frans Nielsen.
1:04 of 1st overtime period - Stopped by Jonathan Bernier without a rebound.
1:05 of 1st overtime period - Vladimir Tarasenko wins face-off versus Alexander Kerfoot in Canucks zone.
1:06 of 1st overtime period - Wrist shot by Rick Nash.
1:06 of 1st overtime period - Shot Blocked by Tyler Myers.
1:08 of 1st overtime period - Slapshot by Vladimir Tarasenko.
1:08 of 1st overtime period - Stopped by Jonathan Bernier without a rebound.
1:09 of 1st overtime period - Vladimir Tarasenko wins face-off versus Alexander Kerfoot in Canucks zone.
1:14 of 1st overtime period - Slapshot by Rick Nash.
1:14 of 1st overtime period - Shot Blocked by Tyler Myers.
1:16 of 1st overtime period - Slapshot by Yann Sauvé.
1:16 of 1st overtime period - Stopped by Jonathan Bernier without a rebound.
1:17 of 1st overtime period - J.T. Miller wins face-off versus Vladimir Tarasenko in Canucks zone.
1:24 of 1st overtime period - Ryan Ellis is hit by J.T. Miller and loses puck.
2:42 of 1st overtime period - Wrist shot by Melker Karlsson.
2:42 of 1st overtime period - Shot Misses the Net.
3:32 of 1st overtime period - Ryan Ellis is hit by Hampus Lindholm and loses puck.
3:41 of 1st overtime period - Wrist shot by Sam Gagner.
3:41 of 1st overtime period - Stopped by Cam Ward with a rebound.
3:51 of 1st overtime period - Connor Murphy is hit by Vladimir Tarasenko and loses puck.
4:10 of 1st overtime period - Wrist shot by Loui Eriksson.
4:10 of 1st overtime period - Shot Hit the Post.
4:36 of 1st overtime period - Hampus Lindholm is hit by Michael Latta.
Goals for this period are 0 for Islanders vs 0 for Canucks.
Shots for this period are 3 for Islanders vs 1 for Canucks.

ShootOut


5:00 of 1st overtime period - Round #1.
5:00 of 1st overtime period - Islanders, Vladimir Tarasenko.
5:00 of 1st overtime period - Deke by Vladimir Tarasenko.
5:00 of 1st overtime period - Goal by Vladimir Tarasenko.
5:00 of 1st overtime period - Canucks, J.T. Miller.
5:00 of 1st overtime period - Wrist shot by J.T. Miller.
5:00 of 1st overtime period - Shot Misses the Net.
5:00 of 1st overtime period - Round #2.
5:00 of 1st overtime period - Islanders, Rick Nash.
5:00 of 1st overtime period - Deke by Rick Nash.
5:00 of 1st overtime period - Stopped by Jonathan Bernier.
5:00 of 1st overtime period - Canucks, Alexander Kerfoot.
5:00 of 1st overtime period - Snap shot by Alexander Kerfoot.
5:00 of 1st overtime period - Stopped by Cam Ward.
5:00 of 1st overtime period - Round #3.
5:00 of 1st overtime period - Islanders, Kellan Lain.
5:00 of 1st overtime period - Snap shot by Kellan Lain.
5:00 of 1st overtime period - Goal by Kellan Lain.